 Dungeon Crawl Stone Soup version 0.29.0-4-gdea44cf6ec (webtiles) character file.

Game seed: 10585313632809287207

39 qw the Ruffian (level 3, -3/28 HPs)
             Began as a Ghoul Fire Elementalist on Aug 29, 2022.
             Slain by a goblin
             ... wielding a +1 dagger of speed
             ... led by Robin
              (4 damage)
             ... on level 3 of the Dungeon.
             The game lasted 00:01:05 (1472 turns).

qw the Ruffian (Ghoul Fire Elementalist)            Turns: 1472, Time: 00:01:06

Health: -3/28      AC:  2    Str: 13    XL:     3   Next: 47%
Magic:  4/4        EV: 12    Int: 10    God:
Gold:   59         SH:  0    Dex:  9    Spells: 4/5 levels left

rFire   . . .      SeeInvis .     - Unarmed
rCold   + . .      Faith    .   (no shield)
rNeg    + + +      Spirit   .   a - +0 robe
rPois   inf        Reflect  .   (no helmet)
rElec   .          Harm     .   (no cloak)
rCorr   .          Rampage  .   (no gloves)
Will    .....                   (no boots)
Stlth   ++........              (no amulet)
HPRegen 0.00/turn               (no ring)
MPRegen 0.09/turn               (no ring)

@: inhibited regen
A: claws 1, cold resistance 1, negative energy resistance 3, inhibited
regeneration, torment resistance 2, devour on kill
a: no special abilities


You were on level 3 of the Dungeon.
You visited 1 branch of the dungeon, and saw 3 of its levels.

You collected 59 gold pieces.


Innate Abilities, Weirdness & Mutations

You are immune to poison.
You have sharp fingernails.
Your flesh is cold resistant. (rC+)
You are immune to negative energy. (rN+++)
You do not regenerate when monsters are visible.
You are immune to unholy pain and torment.
You thrive by killing the living.


   Skills:
 - Level 1.0 Fighting
 - Level 1.7 Dodging
 - Level 2.1 Stealth
 + Level 3.0 Unarmed Combat
 - Level 1.7 Spellcasting
 - Level 0.7 Conjurations
 - Level 2.4 Fire Magic


You had 4 spell levels left.
You knew the following spells:

 Your Spells              Type           Power      Damage    Failure   Level
a - Foxfire               Conj/Fire      16%        2x1d4     17%         1

Your spell library contained the following spells:

 Spells                   Type           Power      Damage    Failure   Level
 Scorch                   Fire           10%        2d6       19%         2
 Conjure Flame            Conj/Fire      4%         6-21      45%         3
 Inner Flame              Hex/Fire       3%         N/A       52%         3
 Flame Wave               Conj/Fire      4%         2d5       86%         4

Inventory:

Missiles
 c - a boomerang (quivered)
Armour
 a - a +0 robe (worn)
 b - a +0 leather armour
Potions
 d - a potion of might
 e - a potion of mutation {unknown}

Dungeon Overview and Level Annotations

Branches:
Dungeon (3/15)

Altars:

Annotations:
D:3 Robin


Message History

You claw the goblin!
You kill the goblin!
You hear a shout! x5
The goblin unwields a +0 dagger.
The goblin wields a +2 vorpal sling.
The goblin shoots a sling bullet.
The sling bullet misses you.
Your Unarmed Combat skill increases to level 3! 2 goblins come into view.
A goblin is wielding a +1 dagger of venom.
A goblin is wielding a +1 dagger of speed.
The goblin shouts!
You hear a shout!
A goblin comes into view. It is wielding a +0 club.
A goblin comes into view. It is wielding a +0 dagger.
The goblin unwields a +2 vorpal sling.
The goblin wields a +0 dagger.
The goblin hits you with a +0 dagger.
You see here a +0 club.
You scratch the goblin.
You kill the goblin!
A hobgoblin comes into view.
You scratch Robin but do no damage.
Robin zaps a wand.
The roots erupt in riotous growth!
The grasping roots grab you!
Robin is unaffected.
The grasping roots constrict you.
A hobgoblin comes into view.
The hobgoblin shouts!
You scratch Robin.
Robin is moderately wounded.
Robin hits you with a +0 club. The grasping roots constrict you!
A goblin comes into view. It is wielding a +0 club.
You scratch Robin but do no damage.
Robin is moderately wounded.
You barely miss Robin.
Robin is moderately wounded.
Robin closely misses you. The grasping roots constrict you.
The grasping roots release their grip on you.
You closely miss Robin.
Robin is moderately wounded.
Robin throws the goblin at you!
The goblin hits you with a +1 dagger of speed.
A goblin comes into view. It is wielding a +0 dagger.
The goblin hits you with a +1 dagger of speed.
You die...

####### #.....# #.....#
###.....##### ##
............. .g
#####..##### .# #####..#
..#
.......###########g..##.
#..............g@gggg.%.
#......###########g....#
...)...# ..###
.......###### ....#
...........)####...# #
#...........)......#
######......%>.###.#
#.....|#### ##...(..#


You could see Robin, a hobgoblin and 6 goblins.

Vanquished Creatures
  A dart slug (D:3)
  5 orcs (D:3)
  4 bats
  3 endoplasms
  A giant cockroach (D:1)
  6 goblins
  2 hobgoblins
  2 quokkas
  2 frilled lizards
  A kobold (D:2)
  A rat (D:3)
28 creatures vanquished.

Vanquished Creatures (others)
  A plant (D:2)
1 creature vanquished.

Grand Total: 29 creatures vanquished

Notes
Turn   | Place    | Note
-------+----------+-------------------------------------------
     0 | D:1      | qw the Ghoul Fire Elementalist began the quest for the Orb.
     0 | D:1      | Reached XP level 1. HP: 14/14 MP: 2/2
     0 | D:1      | 0 ||| qw: Version: 0.1-a-90-g952f4b7
     0 | D:1      | 0 ||| qw: Game counter: 4077
     0 | D:1      | 0 ||| qw: Always use a shield: true
     0 | D:1      | 0 ||| qw: God list: Okawaru
     0 | D:1      | 0 ||| qw: Allow faded altars: false
     0 | D:1      | 0 ||| qw: Do Orc after D:15 true
     0 | D:1      | 0 ||| qw: Do second Lair branch before Depths: true
     0 | D:1      | 0 ||| qw: Lair rune preference: random
     0 | D:1      | 0 ||| qw: Plans: Normal
     0 | D:1      | 0 ||| PLANNING D:1-11
    77 | D:1      | Reached skill level 1 in Unarmed Combat
   418 | D:1      | Reached skill level 1 in Fighting
   418 | D:1      | Reached XP level 2. HP: 15/23 MP: 3/3
   568 | D:1      | 568 ||| Stepping ~*~*~tactically~*~*~ (stealth).
   806 | D:1      | You fall into a shaft and drop 1 floor!
  1039 | D:2      | 1039 ||| READING 2 scrolls labelled GEGUPL KYULORA.
  1042 | D:2      | 1042 ||| DRINKING 2 lumpy coppery potions.
  1043 | D:2      | 1043 ||| DROPPING potion of magic.
  1044 | D:2      | 1044 ||| READING scroll of teleportation.
  1046 | D:2      | 1046 ||| Stepping ~*~*~tactically~*~*~ (water).
  1087 | D:3      | Reached skill level 2 in Unarmed Combat
  1088 | D:3      | 1088 ||| Stepping ~*~*~tactically~*~*~ (stealth).
  1093 | D:3      | 1093 ||| Stepping ~*~*~tactically~*~*~ (outnumbered).
  1095 | D:3      | 1095 ||| Stepping ~*~*~tactically~*~*~ (outnumbered).
  1099 | D:3      | Reached XP level 3. HP: 14/28 MP: 4/4
  1107 | D:3      | HP: 7/28 [quokka (2)]
  1108 | D:3      | HP: 2/28 [quokka (3)]
  1460 | D:3      | 1460 ||| Stepping ~*~*~tactically~*~*~ (hiding).
  1464 | D:3      | Noticed Robin
  1466 | D:3      | Reached skill level 3 in Unarmed Combat
  1471 | D:3      | HP: 5/28 [constriction (5)]
  1472 | D:3      | HP: 1/28 [goblin/+1 dagger of speed[Robin] (4)]
  1472 | D:3      | Slain by a goblin

Levels and vault maps discovered:
D:1:      dpeg_arrival_ternary, layout_basic,
          hellmonk_ecumenical_altar_leap_of_faith, minmay_tripent
D:2:      layout_basic, serial_shops, shop_statue, basic_altar,
          serial_bayou_ford_a
D:3:      layout_rooms, uniq_robin

Skill      XL: |  1  2  3 |
---------------+----------+-----
Unarmed Combat | 1 2 3 |  3.0
Fighting       | 1 |  1.0
Dodging        | |  1.7
Stealth        | |  2.1
Spellcasting   | |  1.7
Conjurations   | |  0.7
Fire Magic     | |  2.4

Action                   || total
-------------------------++-------
Melee: Unarmed           ||   120
       Punch             ||     1
Throw: Boomerang         ||    10
  Use: Scroll            ||     2
       Potion            ||     1
Armor: Robe              ||    37
Dodge: Dodged            ||    74

Table legend:
 A = Non-vault XP
 B = Vault XP
 C = Vault XP percentage of total XP
 D = Non-vault monster count
 E = Vault monster count
 F = Vault count percentage of total count
                 A         B        C        D         E       F
            +---------+---------+-------+---------+---------+-------
      Total |      51 |       6 |  10.5 |      25 |       3 |  10.7
            +---------+---------+-------+---------+---------+-------
        D:1 |      16 |       0 |   0.0 |       9 |       0 |   0.0
        D:2 |       6 |       0 |   0.0 |       4 |       0 |   0.0
        D:3 |      29 |       6 |  17.1 |      12 |       3 |  20.0
            +---------+---------+-------+---------+---------+-------
